 Dungeon Crawl Stone Soup version 0.21.1-1-g345015f (webtiles) character file.

1385 inc the Nimble (level 8, -1/38 HPs)
             Began as a Felid Monk on Mar 7, 2018.
             Was a Follower of Ru.
             Slain by a killer bee (6 damage)
             ... on level 8 of the Dungeon.
             The game lasted 00:15:50 (8651 turns).

inc the Nimble (Felid Monk)                         Turns: 8651, Time: 00:15:51

Health: -1/38      AC:  2    Str:  5    XL:     8   Next: 40%
Magic:  8/8        EV: 32    Int: 12    God:    Ru [*.....]
Gold:   324        SH:  0    Dex: 19    Spells: 7/7 levels left
                                        Lives:  0   Deaths: 2

rFire    + . .     SeeInvis +     - Unarmed
rCold    . . .     Gourm    .   (shield unavailable)
rNeg     . . .     Faith    .   (armour unavailable)
rPois    .         Spirit   .   (helmet unavailable)
rElec    .         Reflect  .   (cloak unavailable)
rCorr    .         Harm     .   (gloves unavailable)
MR       +....                  (boots unavailable)
Stlth    +++++.....             (no amulet)
HPRegen  0.12/turn              i - +2 ring of evasion
MPRegen  0.11/turn              (no ring)

@: quick
A: very small, no armour, no weapons or thrown items, stealth, claws 1, fangs 3,
see invisible, blink, carnivore, dopey 1, fire resistance 1, speed 1, low mp 1,
shaggy fur 2, slow metabolism 1, weak 1, no fire magic, no necromancy magic, no
translocations magic, sharp paws
a: Blink, Renounce Religion


You were on level 8 of the Dungeon.
You worshipped Ru.
Ru was aware of your devotion.
You were not hungry.

You visited 2 branches of the dungeon, and saw 9 of its levels.
You also visited: Ossuary.

You collected 324 gold pieces.

Inventory:

Jewellery
 i - a +2 ring of evasion (left paw)
Wands
 f - a wand of enslavement (10)
 n - a wand of iceblast (15)
Scrolls
 b - a scroll of identify
 e - a scroll of amnesia {unknown}
 g - 2 scrolls of teleportation {unknown}
 j - a scroll of fog {unknown}
 k - 2 scrolls of immolation {unknown}
 l - 3 scrolls of enchant weapon {unknown}
 m - 4 scrolls of remove curse {unknown}
 o - 2 scrolls of enchant armour {unknown}
 q - a scroll of fear {unknown}
 w - a scroll of magic mapping {unknown}
Potions
 c - 3 potions of flight
 h - 4 potions of haste
 p - a potion of brilliance
 s - 2 potions of degeneration
 u - 2 potions of cancellation
Comestibles
 a - 11 rations


   Skills:
 - Level 5.7 Fighting
 - Level 12.5 Dodging
 + Level 8.3 Stealth
 - Level 6.0 Unarmed Combat


You had 7 spell levels left.
You didn't know any spells.

Dungeon Overview and Level Annotations

Branches:
Dungeon (8/15)             Temple (1/1) D:5
   Lair: D:8-11

Altars:
Ashenzari
Cheibriados
Dithmenos
Elyvilon
Fedhas
Gozag
Hepliaklqana
Makhleb
Nemelex Xobeh
Okawaru
Qazlal
Ru
Sif Muna
Trog
Uskayaw
Vehumet
Wu Jian
Xom
Yredelemnul
Zin
The Shining One

Annotations:
D:7 Duvessa


Innate Abilities, Weirdness & Mutations

You cannot wear armour.
You are incapable of wielding weapons or throwing items.
Your paws allow you to move quietly. (Stealth)
You have sharp claws.
You have razor-sharp teeth.
You have supernaturally acute eyesight. (SInv)
You are carnivorous and can eat meat at any time.
You cover ground quickly.
Your magical capacity is low. (-10% MP)
You are covered in thick fur. (AC +2)
You have a slow metabolism.
You cannot study or cast Fire magic.
You cannot study or cast Necromancy magic.
You cannot study or cast Translocations magic.
Your sharp claws are effective at attacking unaware monsters.
You can translocate small distances at will.
You are dopey. (Int -2)
Your flesh is heat resistant. (rF+)
You are weak. (Str -2)


Message History

You miss the killer bee. The killer bee misses you. The gnoll misses you.
The quokka is stunned by your will and fails to attack.
You scratch the killer bee.
The killer bee is moderately wounded.
The killer bee completely misses you. The killer bee stings you.
* * * LOW HITPOINT WARNING * * *
The gnoll hits you but does no damage.
You redirect the quokka's attack!
The quokka barely misses the killer bee.
You miss the killer bee.
The killer bee is moderately wounded.
The killer bee completely misses you. The quokka completely misses you.
The killer bee completely misses you. The gnoll closely misses you.
You barely miss the killer bee. You claw the killer bee.
The killer bee is heavily wounded.
The killer bee stings you.
* * * LOW HITPOINT WARNING * * *
The quokka misses you. The gnoll completely misses you.
The killer bee stings you.
You die...

#.# #.# #..# # #####.#
#.# #.[#.. ...†..###.##
#..#.## #####......##
##....### #.###....
.......
####.###.######.#..##
#.[..........##.#..#
#..#.###..........<###
#.#..# #!###..)@y.<..#
#..##.###.######r##.#.#
.# #......))...g##.#.#
# #.###.######.##.#.##
.## #.# #.##.#..# # #.#
#.##.##.# ..#
#.##.##.#####..
########.##.......>o..
#.........#..####.#


You could see a killer bee, a gnoll and a quokka.

Vanquished Creatures
  A hippogriff (D:6)
  Eustachio (D:6)
  An orc warrior (D:8)
  2 ice beasts
  A black bear (D:6)
  2 eyes of draining (D:6)
  A necrophage (D:7)
  2 phantoms (D:6)
  2 ogres (D:5)
  A centaur (D:7)
  3 scorpions
  2 killer bees (D:8)
  4 wights (D:5)
  A howler monkey (D:6)
  2 crimson imps (D:6)
  4 hounds
  A jelly (D:8)
  6 orc wizards
  A bullfrog skeleton (D:6)
  An orc priest (D:6)
  2 iguanas
  3 worker ants
  A hound skeleton (D:7)
  A hound zombie (D:5)
  12 mummies (Ossuary)
  2 gnolls (D:8)
  A howler monkey skeleton (D:6)
  7 adders
  A shadow imp (D:7)
  3 oozes
  An adder zombie (D:7)
  3 worms
  A dart slug (D:2)
  5 leopard geckos
  21 orcs
  3 bats
  7 giant cockroaches
  9 goblins
  9 hobgoblins
  10 jackals
  2 quokkas
  A ball python (D:1)
  A ball python zombie (D:5)
  7 frilled lizards
  2 gnoll skeletons (Ossuary)
  A goblin skeleton (Ossuary)
  A hobgoblin zombie (D:4)
  A jackal zombie (D:4)
  4 kobolds
  3 kobold skeletons (Ossuary)
  A leopard gecko skeleton (D:5)
  An orc skeleton (Ossuary)
  6 rats (D:1)
  11 rat skeletons (Ossuary)
183 creatures vanquished.

Vanquished Creatures (others)
  An orc skeleton (Ossuary)
1 creature vanquished.

Grand Total: 184 creatures vanquished

Notes
Turn   | Place    | Note
-------+----------+-------------------------------------------
     0 | D:1      | inc the Felid Monk began the quest for the Orb.
     0 | D:1      | Reached XP level 1. HP: 10/10 MP: 2/2
   302 | D:2      | Reached XP level 2. HP: 14/14 MP: 3/3
   440 | D:1      | Reached XP level 3. HP: 16/17 MP: 4/4
  1089 | D:2      | Found a blossoming altar of Fedhas.
  1089 | D:2      | Found an iron altar of Okawaru.
  1211 | D:2      | Reached skill level 5 in Unarmed Combat
  1211 | D:2      | Reached XP level 4. HP: 21/21 MP: 5/5
  2388 | D:4      | Reached XP level 5. HP: 11/24 MP: 6/6
  2390 | D:4      | Gained mutation: You can translocate small distances at will. [potion of mutation]
  2390 | D:4      | Gained mutation: You are dopey. (Int -2) [potion of mutation]
  2390 | D:4      | Gained mutation: You are weak. (Str -2) [potion of mutation]
  2390 | D:4      | Gained mutation: Your flesh is heat resistant. (rF+) [potion of mutation]
  2681 | D:4      | Found a sand-covered staircase.
  2687 | Ossuary  | Entered an ossuary
  2921 | Ossuary  | Mangled by a mummy
  2922 | Ossuary  | Reached XP level 4. HP: -13/21 MP: 5/5
  3145 | Ossuary  | Reached skill level 5 in Dodging
  3384 | Ossuary  | Reached XP level 5. HP: 23/24 MP: 6/6
  3708 | Ossuary  | Reached skill level 6 in Dodging
  3915 | D:4      | Gained mutation: You are covered in thick fur. (AC +2) [Felid growth]
  3915 | D:4      | Reached XP level 6. HP: 28/28 MP: 7/7
  3940 | D:4      | Reached skill level 7 in Dodging
  4391 | D:5      | Entered Level 5 of the Dungeon
  4781 | D:5      | Found a staircase to the Ecumenical Temple.
  4788 | Temple   | Entered the Ecumenical Temple
  5013 | Temple   | Became a worshipper of Ru the Awakened
  5039 | Temple   | Gained mutation: Your magical capacity is low. (-10% MP) [Ru sacrifice]
  5225 | D:5      | Reached skill level 8 in Dodging
  5234 | D:5      | Reached XP level 7. HP: 31/31 MP: 7/7
  5256 | D:5      | Reached skill level 9 in Dodging
  5566 | D:5      | Found a hazy altar of Hepliaklqana.
  5566 | D:5      | Found a radiant altar of Vehumet.
  5566 | D:5      | Found a bloodstained altar of Trog.
  5664 | D:5      | Reached skill level 10 in Dodging
  5745 | D:5      | Found a sparkling altar of Nemelex Xobeh.
  6392 | D:6      | Found a bloodstained altar of Trog.
  6430 | D:6      | Reached skill level 11 in Dodging
  6430 | D:6      | Reached XP level 8. HP: 34/34 MP: 0/8
  6654 | D:6      | Noticed a hippogriff
  6675 | D:6      | Killed a hippogriff
  6675 | D:6      | Reached skill level 12 in Dodging
  7068 | D:6      | Noticed Eustachio
  7304 | D:7      | Reached skill level 5 in Fighting
  7468 | D:8      | Reached XP level 9. HP: 4/41 MP: 9/9
  7826 | D:8      | Reached skill level 5 in Stealth
  7911 | D:7      | Noticed Duvessa
  7913 | D:7      | Found an opulent altar of Gozag.
  7940 | D:7      | Gained mutation: You cannot study or cast Fire magic. [Ru sacrifice]
  7940 | D:7      | Gained mutation: You cannot study or cast Necromancy magic. [Ru sacrifice]
  7940 | D:7      | Gained mutation: You cannot study or cast Translocations magic. [Ru sacrifice]
  7940 | D:7      | Reached * piety under Ru
  8065 | D:6      | Killed Eustachio
  8628 | D:7      | Killed from afar by an orc priest
  8629 | D:7      | Reached XP level 8. HP: -2/38 MP: 8/8
  8651 | D:8      | Slain by a killer bee

Skill      XL: |  1  2  3  4  5  6  7  8  9 |
---------------+----------------------------+-----
Unarmed Combat | 4 5 6 |  6.0
Dodging        | 5 6 8 11 12 | 12.5
Fighting       | 5 |  5.7
Stealth        | 3 8 |  8.3

Action                   |  1- 3 |  4- 6 |  7- 9 || total
-------------------------+-------+-------+-------++-------
Melee: Unarmed           |   114 |   253 |   471 ||   838
       Bite              |     8 |    21 |    59 ||    88
       Punch             |     6 |    10 |    12 ||    28
Invok: Sacrifice Essence |       |     1 |       ||     1
       Sacrifice Arcana  |       |       |     1 ||     1
  Use: Scroll            |     2 |     3 |     1 ||     6
       Potion            |       |     4 |    10 ||    14
 Stab: Sleeping          |    12 |    19 |    14 ||    45
       Invisible         |       |       |     7 ||     7
  Eat: Chunk             |     2 |     3 |     2 ||     7
       Ration            |       |     1 |     2 ||     3
Armor: Skin              |     5 |     2 |     8 ||    15
Dodge: Dodged            |    82 |   127 |   452 ||   661
